 Dungeon Crawl Stone Soup version 0.31-a0-702-gf82c85558f (webtiles) character file.

Game seed: 13248497074981332945

50 qw the Shooter (level 3, -2/22 HPs)
             Began as a Gargoyle Hunter on Sept 8, 2023.
             Killed from afar by Ijyb (11 damage)
             ... with an iceblast
             ... on level 3 of the Dungeon.
             The game lasted 00:00:29 (1474 turns).

qw the Shooter (Gargoyle Hunter)                    Turns: 1474, Time: 00:00:29

Health: -2/22      AC: 10    Str: 14    XL:     3   Next: 79%
Magic:  3/3        EV: 15    Int:  9    God:
Gold:   138        SH:  0    Dex: 15    Spells: 2/2 levels left

rFire   . . .        m - +0 shortbow (heavy)
rCold   . . .        (shield currently unavailable)
rNeg    + . .        f - +0 ring mail
rPois   inf          b - +1 hat
rElec   +            (no cloak)
rCorr   .            (no gloves)
SInv    .            i - +0 pair of boots
Will    .....        e - amulet of regeneration
Stlth   +            a - +5 ring of evasion
HPRegen 1.03/turn    (no ring)
MPRegen 0.08/turn

%: no passive effects
@: no status effects
A: sickness immunity, AC +3, negative energy resistance 1, electricity
resistance, torment resistance 1, petrification resistance
a: no special abilities


You were on level 3 of the Dungeon.
You visited 1 branch of the dungeon, and saw 3 of its levels.

You collected 138 gold pieces.


Innate Abilities, Weirdness & Mutations

You are immune to sickness and miasma.
Your stone body is resilient. (AC +3)
You are immune to poison.
You resist negative energy. (rN+)
You are resistant to electric shocks. (rElec)
You are resistant to unholy torment.
You are immune to petrification.


   Skills:
 + Level 2.4 Fighting
 - Level 5.1 Ranged Weapons
 - Level 1.0 Armour
 - Level 1.5 Dodging
 - Level 1.1 Stealth


You had 2 spell levels left.
You didn't know any spells.
Your spell library was empty.

Inventory:

Hand Weapons
 m - a +0 heavy shortbow (weapon)
Armour
 b - a +1 hat (worn)
 f - a +0 ring mail (worn)
 i - a +0 pair of boots (worn)
Jewellery
 a - a +5 ring of evasion (left hand)
 e - an amulet of regeneration (around neck)
Scrolls
 g - a scroll of identify
 j - a scroll of teleportation
Potions
 d - a potion of curing
 h - 3 potions of heal wounds
 k - a potion of haste {unknown}

Dungeon Overview and Level Annotations

Branches:
Dungeon (3/15)

Altars:
Ashenzari

Shops:
D:2 [

Annotations:
D:3 Ijyb


Message History

Waypoint 2 assigned to D:3.
A bat comes into view.
You shoot an arrow. The arrow hits the bat.
The bat is severely wounded.
The bat hits you but does no damage. The bat completely misses you.
The bat hits you but does no damage.
You shoot an arrow. The arrow hits the bat.
You kill the bat!
You see here a bat corpse.
Found a stone staircase leading down.
You now have 138 gold pieces (gained 8).
An adder comes into view.
You shoot an arrow. The adder hisses angrily.
The arrow hits the adder.
The adder is lightly wounded.
You shoot an arrow. The arrow closely misses the adder.
The adder bites you but does no damage. x2
You shoot an arrow. The arrow hits the adder.
The adder is lightly wounded.
The adder bites you but does no damage. The adder completely misses you.
You shoot an arrow. The arrow misses the adder.
The adder closely misses you. The adder bites you. The adder barely misses you.
You shoot an arrow. The arrow hits the adder!
The adder is almost dead.
The adder misses you. The adder barely misses you.
You shoot an arrow. The arrow hits the adder!
You kill the adder!
Your Armour skill increases to level 1!
You open the door.
Ijyb the Twisted Goblin comes into view.
She is wielding a +0 dagger and carrying a wand of iceblast.
Found a stone staircase leading up.
You shoot an arrow. The arrow hits Ijyb but does no damage.
Ijyb zaps a wand.
The mass of ice explodes!
The iceblast engulfs you!
Ouch! That really hurt!
You shoot an arrow. The arrow hits Ijyb but does no damage.
Ijyb screams, "I cut your head off!"
Ijyb zaps a wand.
The mass of ice explodes!
The iceblast engulfs you!
Ouch! That really hurt!
You die...

#.##.....+
#........####
+.....%.....>
#.###'#.#.....
#.# #.#.#.##..
#.# #.#.#.# .
#.# #.#.#.#
#.# #.#.# #@#
#+# #.$......
#...g....
##.......
.......
#.#+#+# <# ##


You could see Ijyb.

Vanquished Creatures
  2 adders
  2 dart slugs (D:1)
  4 endoplasms (D:1)
  A giant cockroach (D:1)
  2 goblins
  2 hobgoblins
  2 quokkas (D:1)
  A ball python (D:1)
  3 bats
  4 frilled lizards
  2 kobolds (D:1)
  4 rats
29 creatures vanquished.

Notes
Turn   | Place    | Note
-------+----------+-------------------------------------------
     0 | D:1      | qw the Gargoyle Hunter began the quest for the Orb.
     0 | D:1      | Reached XP level 1. HP: 12/12 MP: 1/1
     0 | D:1      | 0 ||| qw: Version: 0.3-a-76-g4403597
     0 | D:1      | 0 ||| qw: Game counter: 959
     0 | D:1      | 0 ||| qw: Melee chars always use a shield: true
     0 | D:1      | 0 ||| qw: God list: Okawaru
     0 | D:1      | 0 ||| qw: Allow faded altars: false
     0 | D:1      | 0 ||| qw: Do Orc after clearing Dungeon:15 true
     0 | D:1      | 0 ||| qw: Do second Lair branch before Depths: true
     0 | D:1      | 0 ||| qw: Lair rune preference: random
     0 | D:1      | 0 ||| qw: Goals: Normal
     0 | D:1      | 0 ||| PLANNING D:1-11
    54 | D:1      | Found a faded altar of an unknown god.
   103 | D:1      | Reached XP level 2. HP: 10/17 MP: 2/2
   754 | D:1      | Reached XP level 3. HP: 21/21 MP: 3/3
   806 | D:1      | 806 ||| UPGRADING to amulet of regeneration.
   811 | D:1      | 811 ||| READING scroll labelled CIPEMU VOFIE.
   812 | D:1      | 812 ||| READING scroll labelled GECZEF NATULAO.
   813 | D:1      | 813 ||| READING scroll labelled ECOYGOI GIJIOH.
   818 | D:1      | 818 ||| READING scroll labelled RIKKUN ROBUGH.
   819 | D:1      | 819 ||| DRINKING 4 fizzy golden potions.
   820 | D:1      | 820 ||| DROPPING scroll of butterflies.
   845 | D:2      | Found a broken altar of Ashenzari.
   886 | D:2      | Reached skill level 5 in Ranged Weapons
  1137 | D:2      | Found Feomal's Antique Armour Shoppe.
  1145 | D:2      | 1145 ||| SHOPLISTING cloak (117 gold, have 99).
  1145 | D:2      | 1145 ||| SHOPLISTING glowing leather armour (130 gold, have
                  | 99).
  1344 | D:2      | 1344 ||| UPGRADING to +1 hat.
  1349 | D:2      | 1349 ||| UPGRADING to +0 ring mail.
  1359 | D:2      | 1359 ||| DROPPING +0 leather armour.
  1360 | D:2      | 1360 ||| UPGRADING to +0 pair of boots.
  1365 | D:2      | 1365 ||| UPGRADING to +5 ring of evasion.
  1366 | D:2      | 1366 ||| READING 2 scrolls labelled BIDIHAYJIPO.
  1367 | D:2      | 1367 ||| READING scroll labelled TUAJUB VIRICS.
  1368 | D:2      | 1368 ||| READING scroll labelled KOCRUCZOABO.
  1369 | D:2      | 1369 ||| DRINKING 2 orange potions.
  1462 | D:3      | Reached skill level 1 in Armour
  1471 | D:3      | Noticed Ijyb
  1474 | D:3      | Killed from afar by Ijyb

Levels and vault maps discovered:
D:1:      scummos_arrival_simple_fountains, layout_basic,
          dreamdust_ecumenical_altar_statues, supply_closet_lemuel
D:2:      layout_basic, basic_altar, serial_shops, nicolae_shop_statue_plus
D:3:      layout_basic, uniq_natasha, uniq_robin, uniq_ijyb

Skill      XL: |  1  2  3 |
---------------+----------+-----
Ranged Weapons | 5 |  5.1
Armour         | 1 |  1.0
Fighting       | |  2.4
Dodging        | |  1.5
Stealth        | |  1.1

Action                     || total
---------------------------++-------
   Fire: Shortbow          ||    91
    Use: Scroll            ||     7
         Potion            ||     2
 Armour: Leather armour    ||    19
         Ring mail         ||     8
  Dodge: Dodged            ||    26

Table legend:
 A = Non-vault XP
 B = Vault XP
 C = Vault XP percentage of total XP
 D = Non-vault monster count
 E = Vault monster count
 F = Vault count percentage of total count
                 A         B        C        D         E       F
            +---------+---------+-------+---------+---------+-------
      Total |      72 |       0 |   0.0 |      29 |       0 |   0.0
            +---------+---------+-------+---------+---------+-------
        D:1 |      35 |       0 |   0.0 |      19 |       0 |   0.0
        D:2 |      22 |       0 |   0.0 |       8 |       0 |   0.0
        D:3 |      15 |       0 |   0.0 |       2 |       0 |   0.0
            +---------+---------+-------+---------+---------+-------
